 Dungeon Crawl Stone Soup version 0.16.2-12-gd0ad4c3 (webtiles) character file.

156 dvd the Magician (level 5, -11/28 HPs)
             Began as a Deep Elf Fire Elementalist on Sept 15, 2015.
             Killed from afar by an orc wizard (12 damage)
             ... with a puff of flame
             ... on level 3 of the Dungeon.
             The game lasted 00:14:46 (2896 turns).

dvd the Magician (Deep Elf Fire Elementalist)       Turns: 2896, Time: 00:14:46

Health: -11/28     AC:  5    Str:  5    XL:     5   Next: 14%
Magic:  4/19       EV: 13    Int: 21    God:
Gold:   112        SH:  0    Dex: 15    Spells: 3 memorised, 7 levels left

rFire  . . .     SeeInvis .     p - +0 rapier
rCold  . . .     Clarity  .     j - +0 robe
rNeg   . . .     SustAb   .     (no shield)
rPois  .         Gourm    .     q - +2 helmet
rElec  .         Spirit   .     (no cloak)
rCorr  .         Warding  .     (no gloves)
rMut   .         Stasis   .     (no boots)
MR     .....                    (no amulet)
Stlth  ++........               (no ring)
                                (no ring)

@: not resistant to hostile enchantments, unstealthy
A: no striking features
a: no special abilities


You were on level 3 of the Dungeon.
You were not hungry.

You visited 1 branch of the dungeon, and saw 3 of its levels.

You collected 112 gold pieces.

Inventory:

Hand weapons
 p - a +0 rapier (weapon)
 v - a +0 short sword
Armour
 a - a +0 robe
 j - a +0 robe (worn)
 q - a +2 helmet (worn)
Scrolls
 g - a scroll of recharging {unknown}
 h - a scroll of noise {unknown}
 l - 6 scrolls of identify {unknown}
 m - a scroll of magic mapping {unknown}
 r - a scroll of teleportation {unknown}
 s - a scroll of random uselessness {unknown}
Potions
 d - a potion of haste {unknown}
 e - a potion of invisibility {unknown}
 i - 2 potions of lignification {unknown}
 n - 2 potions of curing {unknown}
 t - a potion of cancellation {unknown}
 u - 2 potions of resistance {unknown}
Books
 b - a book of Flames

   Spells                             Type                      Level
   a - Flame Tongue                   Conjuration/Fire             1
   b - Throw Flame                    Conjuration/Fire             2
   c - Conjure Flame                  Conjuration/Fire             3
   d - Inner Flame                    Hexes/Fire                   3
   e - Sticky Flame                   Conjuration/Fire             4
   f - Fireball                       Conjuration/Fire             5
Comestibles
 c - a bread ration
 f - a beef jerky
 k - a meat ration
 o - a chunk of flesh


   Skills:
 + Level 0.4 Fighting
 + Level 2.8 Dodging
 + Level 3.0 Stealth
 + Level 5.0 Spellcasting
 + Level 2.4 Conjurations
 + Level 4.3 Fire Magic


You had 7 spell levels left.
You knew the following spells:

 Your Spells              Type           Power        Failure   Level  Hunger
a - Flame Tongue          Conj/Fire      ###..        2%          1    None
b - Throw Flame           Conj/Fire      ###...       4%          2    None
c - Sticky Flame          Conj/Fire      ###.....     28%         4    ####...


Dungeon Overview and Level Annotations

Branches:
Dungeon (3/15)

Altars:
Qazlal
Sif Muna


Message History

Confirm with . or Enter, or press ? or * to list all spells.
Aiming: Throw Flame
Press: ? - help, Shift-Dir - straight line A puff of flame appears from out of thin air!
The puff of flame hits you!
* * * LOW HITPOINT WARNING * * *
Casting: Throw Flame
Confirm with . or Enter, or press ? or * to list all spells.
You don't know that spell.
Casting: Throw Flame
Confirm with . or Enter, or press ? or * to list all spells.
You can't see any susceptible monsters within range! (Use Z to cast anyway.)
Casting: Throw Flame
Confirm with . or Enter, or press ? or * to list all spells.
Aiming: Throw Flame
Press: ? - help, Shift-Dir - straight line, f - you You hear some strange, mumbled words.
A puff of flame appears from out of thin air!
The puff of flame hits you!
You die...

##### ....##### #####
........######...... ####
.##.##..)....)#### #..#
...#<...####.##..#######.#
.##.###.# #.#..8#..≈.##.#
###.# #.# #..._@'..§{##.#
#.# #.# ###.)8#..≈.##.#
#.###.# ##..#######.#
#..##.# #### ### #.#
##.##.# #.# #.###.####
#.##.# #.# #........#####
#.##.# #.###.#...........
#.##.# ##...##.#.##......
##.##.# ##.###.#.########


There were no monsters in sight!

Vanquished Creatures
  An orc wizard (D:3)
  A hound (D:3)
  5 adders
  2 worms (D:2)
  An ooze (D:1)
  3 ball pythons (D:1)
  6 bats
  A giant cockroach (D:2)
  4 goblins (D:1)
  3 hobgoblins
  6 jackals (D:3)
  3 kobolds
  2 quokkas (D:2)
  A giant gecko (D:2)
  4 giant newts
  7 rats
50 creatures vanquished.

Notes
Turn   | Place    | Note
--------------------------------------------------------------
     0 | D:1      | dvd, the Deep Elf Fire Elementalist, began the quest for the Orb.
     0 | D:1      | Reached XP level 1. HP: 10/10 MP: 5/5
   779 | D:1      | Reached XP level 2. HP: 15/15 MP: 6/8
   789 | D:1      | Learned a level 2 spell: Throw Flame
  1259 | D:2      | Reached skill level 4 in Fire Magic
  1259 | D:2      | Reached XP level 3. HP: 19/19 MP: 0/11
  1390 | D:2      | Found a stormy altar of Qazlal.
  1951 | D:2      | Reached XP level 4. HP: 24/24 MP: 6/15
  2312 | D:3      | Learned a level 4 spell: Sticky Flame
  2795 | D:3      | Found a deep blue altar of Sif Muna.
  2811 | D:3      | Reached skill level 5 in Spellcasting
  2811 | D:3      | Reached XP level 5. HP: 10/28 MP: 7/19
  2894 | D:3      | HP: 1/28 [something/puff of flame (1)]
  2896 | D:3      | Killed from afar by an orc wizard

Action                   |  1- 3 |  4- 6 || total
-------------------------+-------+-------++-------
Melee: Unarmed           |     5 |       ||     5
       Rapier            |       |     4 ||     4
 Cast: Flame Tongue      |    51 |    20 ||    71
       Throw Flame       |    16 |    27 ||    43
 Stab: Sleeping          |     1 |     1 ||     2
  Eat: Chunk             |     3 |     3 ||     6
